 Dungeon Crawl Stone Soup version 0.14-a0-2443-g5aee772 (webtiles) character file.

687 Gorice the Carver (level 7, -3/61 HPs)
             Began as a Tengu Fighter on Feb 6, 2014.
             Was a Follower of Okawaru.
             Slain by Duvessa
             ... wielding a +2,+2 orcish short sword
              (11 damage)
             ... on Level 5 of the Dungeon on Feb 7, 2014.
             The game lasted 00:27:54 (4068 turns).

Gorice the Carver (Tengu Fighter)                   Turns: 4068, Time: 00:27:54

HP  -3/61        AC 28     Str 18      XL: 7   Next: 51%
MP   9/9         EV  1     Int  8      God: Okawaru [*.....]
Gold 44          SH 15     Dex 14      Spells:  0 memorised,  6 levels left

rFire  + . .     SeeInvis .     A - +2,+3 scimitar (protect)
rCold  . . .     Clarity  .     f - melded +1 plate armour
rNeg   + + +     Conserve .     c - +0 shield (curse)
rPois  +         rCorr    .     (helmet restricted)
rElec  .         rRot     .     n - melded +0 cloak
SustAb . .       Spirit   .     (gloves currently unavailable)
rMut   .         Warding  .     (boots unavailable)
Saprov . . .     NoTele   +     (no amulet)
MR     .....                    y - cursed ring of teleport control
                                g - ring of protection from fire {unknown}

@: tree-form, not resistant to hostile enchantments, unstealthy
A: able to fly, (beak), (talons 0)
a: Fly, Heroism, Renounce Religion, Evoke Teleport Control


You were on level 5 of the Dungeon.
You worshipped Okawaru.
Okawaru was aware of your devotion.
You were not hungry.
You were an animated tree.
You visited 2 branches of the dungeon, and saw 6 of its levels.

You collected 160 gold pieces.
You spent 116 gold pieces at shops.

Inventory:

Hand weapons
 a - a +0,+0 falchion
 p - a +1,+0 scythe of slicing
 v - a +2,+2 dwarven dagger of venom
 A - a +2,+3 scimitar of protection (weapon)
 E - a +0,+0 sling
Missiles
 e - 67 darts (quivered)
 w - 2 poisoned javelins
 X - 19 exploding darts {!f}
 Z - 40 stones
Armour
 c - a cursed +0 shield (worn)
 f - a +1 plate armour (melded)
 n - a +0 cloak (melded)
 u - the +1 pair of gloves "Thejyuh" {+Rage rPois Stlth-, unknown}
   (You found it on level 5 of the Dungeon)

   It protects you from poison.
   It lets you go berserk.
   It makes you much less stealthy.
Magical devices
 b - a wand of digging (15)
 i - a wand of teleportation (4)
 l - a wand of enslavement (7)
 t - a wand of flame (5)
Comestibles
 d - 3 bread rations
 h - 2 apples
 q - 2 chunks of hound flesh
Scrolls
 m - a scroll of remove curse {unknown}
 s - a scroll of curse jewellery {unknown}
Jewellery
 g - a ring of protection from fire (left branch) {unknown}
 y - a cursed ring of teleport control (right branch)
Potions
 k - 3 potions of curing
 o - 2 potions of might {unknown}
 r - 2 potions of agility {unknown}


   Skills:
 - Level 3.0 Fighting
 + Level 8.6 Long Blades
 + Level 4.1 Armour
 - Level 3.0 Shields


You had 6 spell levels left.
You didn't know any spells.

Dungeon Overview and Level Annotations

Branches:
Dungeon (5/16)             Temple (1/1) D:4

Altars:
Ashenzari
Cheibriados
Dithmengos
Elyvilon
Fedhas
Kikubaaqudgha
Makhleb
Nemelex Xobeh
Okawaru
Sif Muna
Trog
Vehumet
Xom
Zin
The Shining One

Shops:
D:4 *((=(

Annotations:
D:3 pUX: OrPr
D:4 1 exclusion
D:5 Duvessa


Innate Abilities, Weirdness & Mutations

You can fly.
((You have a beak for a mouth.))*
((You have claws for feet.))*


Message History

* * * LOW HITPOINT WARNING * * *
You barely miss Duvessa.
Duvessa is heavily wounded.
Duvessa hits you but does no damage.
You hit Duvessa but do no damage.
Duvessa is heavily wounded.
Duvessa hits you with an orcish short sword.
* * * LOW HITPOINT WARNING * * *
Duvessa hits you with an orcish short sword.
* * * LOW HITPOINT WARNING * * *
You barely miss Duvessa.
Duvessa is heavily wounded.
Duvessa hits you but does no damage.
You closely miss Duvessa.
Duvessa is heavily wounded.
Duvessa hits you but does no damage.
You hit Duvessa but do no damage.
Duvessa is heavily wounded.
Duvessa hits you with an orcish short sword!
You die...

####...# ........
.......# ...........
......###............
#....................
#.....................
+...%.................
#.)..<................
###......................
................♣........
................e........
..........#.............
..........#.............
#########.'.............
#.#............
#.#...........
#########.######.....
..................


You could see Duvessa (berserk).

Vanquished Creatures
  Menkaure (D:4)
  An ogre (D:4)
  Sigmund (D:5)
  Dowan (D:5)
  A hound (D:5)
  A crimson imp (D:5)
  A jelly (D:5)
  2 orc priests
  An iguana (D:3)
  A worker ant (D:3)
  Jessica (D:2)
  2 adders
  4 worms
  An orc zombie (D:5)
  A giant eyeball (D:4)
  A giant gecko (D:4)
  2 oozes
  6 orcs
  2 ball pythons
  A giant cockroach (D:1)
  5 goblins
  7 hobgoblins
  8 jackals (D:2)
  2 quokkas (D:3)
  13 bats
  3 giant newts
  A hobgoblin skeleton (D:4)
  14 kobolds
  A kobold skeleton (D:4)
  12 rats
  A rat skeleton (D:4)
99 creatures vanquished.

Vanquished Creatures (collateral kills)
  2 giant geckos (D:5)
2 creatures vanquished.

Vanquished Creatures (others)
  A giant newt (D:5)
1 creature vanquished.

Grand Total: 102 creatures vanquished

Notes
Turn   | Place    | Note
--------------------------------------------------------------
     0 | D:1      | Gorice, the Tengu Fighter, began the quest for the Orb.
     0 | D:1      | Reached XP level 1. HP: 14/14 MP: 1/1
   341 | D:1      | Reached XP level 2. HP: 19/19 MP: 3/3
   691 | D:2      | Reached XP level 3. HP: 21/23 MP: 4/4
   769 | D:2      | Reached skill level 4 in Long Blades
   984 | D:2      | Noticed Jessica
   998 | D:2      | Killed Jessica
   998 | D:2      | Reached XP level 4. HP: 26/28 MP: 5/5
  1101 | D:2      | Found a white marble altar of Elyvilon.
  1236 | D:2      | Reached skill level 5 in Long Blades
  1479 | D:3      | Found an ancient bone altar of Kikubaaqudgha.
  1479 | D:3      | Found an iron altar of Okawaru.
  1479 | D:3      | Found a burning altar of Makhleb.
  1489 | D:3      | Became a worshipper of Warmaster Okawaru
  1909 | D:4      | Found Xifaos' Antique Weapon Shoppe.
  1912 | D:4      | Paralysed by a giant eyeball for 3 turns
  1919 | D:4      | Bought a glowing scimitar for 90 gold pieces
  1934 | D:4      | Found Shralip's Jewellery Shoppe.
  1968 | D:4      | Found a staircase to the Ecumenical Temple.
  1968 | D:4      | Noticed an ogre
  1974 | D:4      | Killed an ogre
  1974 | D:4      | Reached skill level 6 in Long Blades
  1974 | D:4      | Reached XP level 5. HP: 32/32 MP: 7/7
  1994 | D:4      | Noticed Menkaure
  2386 | D:3      | Reached XP level 6. HP: 12/37 MP: 8/8
  2398 | D:3      | Reached skill level 7 in Long Blades
  2641 | D:4      | Found Weiw's Weapon Emporium.
  2660 | D:4      | Found Qeleef's General Store.
  2663 | D:4      | Bought a scroll of identify for 26 gold pieces
  2707 | D:4      | Killed Menkaure
  2707 | D:4      | Acquired Okawaru's first power
  2791 | D:4      | Found Doty's Antique Weapon Shoppe.
  2859 | D:4      | Found a blossoming altar of Fedhas.
  2859 | D:4      | Found a white marble altar of Elyvilon.
  2960 | D:4      | Found a shattered altar of Ashenzari.
  3090 | D:4      | Found a snail-covered altar of Cheibriados.
  3254 | Temple   | Entered the Ecumenical Temple
  3395 | D:5      | Entered Level 5 of the Dungeon
  3395 | D:5      | Noticed Duvessa
  3395 | D:5      | Noticed Dowan
  3459 | D:5      | Reached skill level 8 in Long Blades
  3459 | D:5      | Reached XP level 7. HP: 41/41 MP: 9/9
  3526 | D:5      | Killed Dowan
  3937 | D:5      | Noticed Sigmund
  3948 | D:5      | Killed Sigmund
  4051 | D:5      | Got a pair of brightly glowing gloves
  4068 | D:5      | Slain by Duvessa

Action                   |  1- 3 |  4- 6 |  7- 9 || total
-------------------------+-------+-------+-------++-------
Melee: Falchion          |    91 |    54 |       ||   145
       Scimitar          |       |    61 |    50 ||   111
Throw: Dart              |       |     4 |       ||     4
       Javelin           |       |     2 |       ||     2
Evoke: Wand              |       |     7 |     6 ||    13
  Use: Scroll            |       |    10 |     1 ||    11
       Potion            |       |     2 |     1 ||     3
